General information
- name: BNet
- type: Ladder team game (AT/RT)
- host: Battle.net
- saver: TIMG4STRok
map: FullScaleAssault
- players: 8
- length: 33:44
- speed: Fast
- version: 1.21 W3XP
- replay type:

» download(292 KB)
Players
team 1 (loser)
gruberlord (
orange | 82 APM | 2778 actions | 33:43)
5 Priestess of the Moon
3 Searing Arrows
2 Trueshot Aura
» actions
| Assign group hotkey | 13 | |
| Basic commands | 2 | |
| Build / train | 90 | |
| ESC pressed | 4 | |
| Enter build submenu | 56 | |
| Enter hero's abilities submenu | 5 | |
| Remove unit from queue | 3 | |
| Right click | 1289 | |
| Select / deselect | 333 | |
| Select group hotkey | 881 | |
| Use ability | 102 | |
2778 total
» units
» buildings
| Altar of Elders | 1 | |
| Moon Well | 2 | |
| Ancient of Wonders | 1 | |
| Tree of Life | 12 | |
| Hunter's Hall | 1 | |
| Ancient Protector | 28 | |
45 total
» build order
00:05 Altar of Elders
00:18 Moon Well
01:23 Ancient of Wonders
05:12 Moon Well
06:20 Tree of Life
07:37 Tree of Life
08:23 Tree of Life
08:53 Tree of Life
09:06 Hunter's Hall
10:22 Tree of Life
11:27 Ancient Protector
11:30 Ancient Protector
12:42 Tree of Life
13:43 Tree of Life
13:45 Ancient Protector
13:47 Ancient Protector
13:48 Ancient Protector
13:53 Ancient Protector
14:21 Ancient Protector
14:29 Ancient Protector
14:51 Ancient Protector
15:16 Ancient Protector
16:02 Ancient Protector
16:23 Ancient Protector
17:14 Tree of Life
18:33 Tree of Life
19:01 Ancient Protector
19:02 Ancient Protector
24:24 Ancient Protector
24:25 Ancient Protector
24:51 Ancient Protector
25:04 Tree of Life
25:25 Ancient Protector
25:38 Ancient Protector
26:41 Tree of Life
26:42 Ancient Protector
26:50 Ancient Protector
26:59 Ancient Protector
27:22 Ancient Protector
29:32 Tree of Life
29:33 Ancient Protector
29:34 Ancient Protector
29:35 Ancient Protector
29:47 Ancient Protector
29:49 Ancient Protector
» items
| Healing Salve | 1 | |
| Lesser Clarity Potion | 1 | |
| Boots of Speed | 1 | |
| Staff of Teleportation | 1 | |
4 total
KoM-NoSTRaDaMaS (
green | 48 APM | 1633 actions | 33:43)
8 Death Knight
3 Death Coil
3 Unholy Aura
1 Animate Dead
1 Death Pact
3 Lich
2 Frost Nova
1 Frost Armor
» actions
| Assign group hotkey | 31 | |
| Basic commands | 8 | |
| Build / train | 84 | |
| Enter build submenu | 18 | |
| Enter hero's abilities submenu | 11 | |
| Give item / drop item | 1 | |
| Remove unit from queue | 1 | |
| Right click | 888 | |
| Select / deselect | 373 | |
| Select group hotkey | 135 | |
| Use ability | 83 | |
1633 total
» units
| Acolyte | 7 | |
| Ghoul | 1 | |
| Crypt Fiend | 10 | |
| Frost Wyrm | 8 | |
| Obsidian Statue | 2 | |
| Goblin Zeppelin | 1 | |
| Blue Dragon | 2 | |
| Blue Drake | 1 | |
| Blue Dragon Whelp | 3 | |
35 total
» upgrades
| Creature Attack | 3 | |
| Creature Carapace | 3 | |
| Web | 1 | |
| Freezing Breath | 1 | |
8 total
» buildings
| Crypt | 2 | |
| Graveyard | 1 | |
| Altar of Darkness | 1 | |
| Ziggurat | 9 | |
| Tomb of Relics | 1 | |
| Halls of the Dead | 4 | |
| Nerubian Tower | 1 | |
| Black Citadel | 2 | |
| Sacrificial Pit | 1 | |
| Boneyard | 4 | |
| Slaughterhouse | 1 | |
| Spirit Tower | 2 | |
29 total
» build order
00:18 Crypt
00:30 Graveyard
00:40 Altar of Darkness
00:42 Ziggurat
01:09 Crypt
01:13 Ziggurat
01:36 Tomb of Relics
02:02 Ziggurat
02:54 Halls of the Dead
02:54 Halls of the Dead
03:11 Nerubian Tower
04:44 Ziggurat
04:47 Halls of the Dead
04:47 Halls of the Dead
06:00 Ziggurat
06:02 Ziggurat
08:25 Black Citadel
08:25 Black Citadel
08:28 Sacrificial Pit
08:29 Ziggurat
08:30 Ziggurat
08:31 Ziggurat
11:25 Boneyard
11:26 Boneyard
11:27 Boneyard
11:29 Boneyard
15:13 Slaughterhouse
18:11 Spirit Tower
» items
| Dust of Appearance | 1 | |
| Rod of Necromancy | 1 | |
| Orb of Corruption | 1 | |
| Potion of Healing | 1 | |
| Potion of Mana | 3 | |
7 total
Smith64FX (
yellow | 137 APM | 4633 actions | 33:43)
5 Blademaster
3 Wind Walk
2 Critical Strike
7 Tauren Chieftain
2 War Stomp
2 Endurance Aura
3 Shockwave
6 Pit Lord
3 Howl of Terror
2 Cleaving Attack
1 Doom
» actions
| Assign group hotkey | 107 | |
| Basic commands | 22 | |
| Build / train | 91 | |
| ESC pressed | 15 | |
| Enter build submenu | 24 | |
| Enter hero's abilities submenu | 19 | |
| Give item / drop item | 3 | |
| Right click | 1966 | |
| Select / deselect | 721 | |
| Select group hotkey | 1365 | |
| Use ability | 300 | |
4633 total
» units
| Peon | 7 | |
| Troll Witch Doctor | 9 | |
| Shaman | 10 | |
| Tauren | 9 | |
| Spirit Walker | 6 | |
41 total
» upgrades
| Armor | 2 | |
| Shaman Training | 2 | |
| Witch Doctor Training | 2 | |
| Spirit Walker Training | 2 | |
| Reinforced Defenses | 1 | |
| Pulverize | 1 | |
| Pillage | 1 | |
11 total
» buildings
| Altar of Storms | 1 | |
| Orc Burrow | 10 | |
| Barracks | 1 | |
| Stronghold | 2 | |
| Voodoo Lounge | 1 | |
| War Mill | 1 | |
| Fortress | 1 | |
| Spirit Lodge | 3 | |
| Tauren Totem | 3 | |
| Great Hall | 1 | |
24 total
» build order
00:06 Altar of Storms
00:17 Orc Burrow
00:36 Barracks
01:36 Stronghold
01:37 Stronghold
01:47 Voodoo Lounge
02:02 Orc Burrow
02:04 War Mill
02:58 Orc Burrow
04:08 Fortress
04:12 Spirit Lodge
04:16 Spirit Lodge
04:53 Spirit Lodge
05:52 Orc Burrow
05:58 Orc Burrow
06:42 Tauren Totem
06:43 Tauren Totem
06:44 Tauren Totem
09:19 Orc Burrow
09:20 Orc Burrow
09:25 Orc Burrow
09:25 Orc Burrow
09:27 Orc Burrow
32:23 Great Hall
» items
| Orb of Lightning | 1 | |
| Scroll of Speed | 1 | |
| Scroll of Town Portal | 1 | |
| Tome of Retraining | 1 | |
4 total
TheDarkVampire (
pink | 68 APM | 2295 actions | 33:43)
5 Blademaster
3 Wind Walk
2 Critical Strike
» actions
| Assign group hotkey | 332 | |
| Basic commands | 12 | |
| Build / train | 25 | |
| Enter build submenu | 5 | |
| Enter hero's abilities submenu | 5 | |
| Right click | 1299 | |
| Select / deselect | 184 | |
| Select group hotkey | 377 | |
| Use ability | 56 | |
2295 total
» units
» buildings
| Altar of Storms | 1 | |
| Orc Burrow | 2 | |
| Voodoo Lounge | 1 | |
| War Mill | 1 | |
5 total
» build order
00:07 Altar of Storms
00:11 Orc Burrow
01:55 Voodoo Lounge
09:38 Orc Burrow
09:43 War Mill
» items
| Healing Salve | 2 | |
| Lesser Clarity Potion | 2 | |
| Scroll of Speed | 1 | |
5 total
team 2 (winner)

»
nutsonyochin.de (
blue | 74 APM | 2511 actions | 33:43)
5 Warden
3 Shadow Strike
2 Blink
3 Priestess of the Moon
2 Scout
1 Trueshot Aura
» actions
| Assign group hotkey | 21 | |
| Basic commands | 44 | |
| Build / train | 93 | |
| ESC pressed | 7 | |
| Enter build submenu | 43 | |
| Enter hero's abilities submenu | 9 | |
| Give item / drop item | 4 | |
| Right click | 1165 | |
| Select / deselect | 291 | |
| Select group hotkey | 682 | |
| Use ability | 152 | |
2511 total
» units
| Wisp | 45 | |
| Huntress | 2 | |
| Chimaera | 3 | |
| Dryad | 6 | |
| Druid of the Talon | 5 | |
61 total
» upgrades
| Sentinel | 1 | |
| Ultravision | 1 | |
| Strength of the Wild | 3 | |
| Reinforced Hides | 2 | |
| Druid of the Talon Training | 1 | |
8 total
» buildings
| Altar of Elders | 2 | |
| Moon Well | 12 | |
| Ancient of Wonders | 2 | |
| Tree of Life | 10 | |
| Ancient of War | 1 | |
| Tree of Ages | 2 | |
| Hunter's Hall | 1 | |
| Ancient of Wind | 2 | |
| Tree of Eternity | 2 | |
| Chimaera Roost | 5 | |
| Ancient of Lore | 2 | |
41 total
» build order
00:40 Altar of Elders
00:47 Moon Well
01:49 Moon Well
02:03 Moon Well
03:12 Ancient of Wonders
04:30 Moon Well
05:51 Tree of Life
06:05 Moon Well
07:08 Ancient of War
07:50 Tree of Ages
08:11 Moon Well
08:16 Hunter's Hall
08:27 Ancient of Wonders
10:41 Moon Well
14:11 Ancient of Wind
15:05 Moon Well
15:08 Moon Well
15:10 Moon Well
15:12 Moon Well
15:16 Moon Well
16:28 Tree of Eternity
16:31 Tree of Ages
18:57 Chimaera Roost
18:58 Chimaera Roost
19:01 Chimaera Roost
19:02 Chimaera Roost
19:06 Chimaera Roost
21:59 Ancient of Lore
22:00 Ancient of Lore
22:02 Tree of Eternity
22:05 Tree of Life
22:09 Tree of Life
22:48 Ancient of Wind
25:30 Tree of Life
27:02 Altar of Elders
30:58 Tree of Life
31:35 Tree of Life
31:38 Tree of Life
31:51 Tree of Life
32:02 Tree of Life
32:10 Tree of Life
» items
| Dust of Appearance | 1 | |
| Boots of Speed | 2 | |
| Staff of Teleportation | 2 | |
| Lesser Clarity Potion | 1 | |
| Healing Salve | 1 | |
| Orb of Lightning | 1 | |
| Potion of Healing | 2 | |
10 total
SBPT (
red | 81 APM | 2717 actions | 33:43)
4 Blademaster
2 Wind Walk
2 Critical Strike
» actions
| Assign group hotkey | 48 | |
| Basic commands | 47 | |
| Build / train | 48 | |
| Enter build submenu | 24 | |
| Enter hero's abilities submenu | 4 | |
| Give item / drop item | 1 | |
| Remove unit from queue | 1 | |
| Right click | 887 | |
| Select / deselect | 238 | |
| Select group hotkey | 1353 | |
| Use ability | 64 | |
2717 total
» units
» upgrades
| Spiked Barricades | 1 | |
| Armor | 1 | |
| Reinforced Defenses | 1 | |
| Liquid Fire | 1 | |
4 total
» buildings
| Altar of Storms | 1 | |
| Orc Burrow | 4 | |
| War Mill | 1 | |
| Watch Tower | 11 | |
| Stronghold | 3 | |
| Voodoo Lounge | 1 | |
| Beastiary | 2 | |
| Fortress | 1 | |
24 total
» build order
00:09 Altar of Storms
00:21 Orc Burrow
00:53 War Mill
01:26 Orc Burrow
02:29 Watch Tower
03:19 Watch Tower
03:26 Stronghold
04:20 Watch Tower
04:49 Orc Burrow
04:53 Voodoo Lounge
04:58 Watch Tower
05:26 Watch Tower
05:55 Beastiary
06:05 Watch Tower
06:33 Beastiary
06:45 Watch Tower
07:11 Watch Tower
08:42 Watch Tower
10:13 Fortress
10:24 Watch Tower
11:14 Orc Burrow
12:33 Watch Tower
» items
| Boots of Speed | 1 | |
| Staff of Teleportation | 1 | |
| Dust of Appearance | 1 | |
| Healing Salve | 1 | |
| Orb of Lightning | 1 | |
| Potion of Healing | 1 | |
6 total

»
TemperateForest (
teal | 93 APM | 3131 actions | 33:43)
5 Blademaster
3 Wind Walk
2 Mirror Image
» actions
| Assign group hotkey | 316 | |
| Basic commands | 18 | |
| Build / train | 98 | |
| ESC pressed | 2 | |
| Enter build submenu | 46 | |
| Enter hero's abilities submenu | 5 | |
| Give item / drop item | 9 | |
| Right click | 1794 | |
| Select / deselect | 562 | |
| Select group hotkey | 23 | |
| Use ability | 258 | |
3131 total
» units
| Peon | 37 | |
| Troll Batrider | 10 | |
| Goblin Zeppelin | 5 | |
| Wind Rider | 4 | |
56 total
» upgrades
| Spiked Barricades | 2 | |
| Reinforced Defenses | 1 | |
| Envenomed Spears | 1 | |
4 total
» buildings
| Altar of Storms | 2 | |
| Orc Burrow | 6 | |
| War Mill | 2 | |
| Watch Tower | 25 | |
| Voodoo Lounge | 2 | |
| Stronghold | 6 | |
| Great Hall | 2 | |
| Fortress | 2 | |
| Beastiary | 5 | |
52 total
» build order
00:04 Altar of Storms
00:18 Orc Burrow
00:48 War Mill
02:00 Watch Tower
02:13 Watch Tower
02:26 Orc Burrow
02:54 Watch Tower
03:00 Watch Tower
03:56 Voodoo Lounge
04:21 Watch Tower
05:08 Watch Tower
05:12 Watch Tower
05:31 Stronghold
05:31 Stronghold
06:27 Watch Tower
06:31 Watch Tower
06:47 Watch Tower
07:44 Great Hall
07:46 Great Hall
07:49 Watch Tower
07:50 Watch Tower
07:52 Watch Tower
07:52 Watch Tower
08:02 Fortress
08:02 Fortress
09:10 Beastiary
09:11 Beastiary
09:14 Beastiary
09:17 Beastiary
09:55 Watch Tower
10:33 Orc Burrow
11:38 Watch Tower
14:04 Beastiary
14:08 Watch Tower
14:09 Watch Tower
14:12 Watch Tower
14:13 Watch Tower
14:14 Watch Tower
14:17 Watch Tower
14:17 Watch Tower
14:59 Orc Burrow
15:24 Watch Tower
15:24 Watch Tower
16:59 Voodoo Lounge
23:50 Orc Burrow
24:31 Orc Burrow
24:57 Altar of Storms
25:58 War Mill
26:53 Stronghold
26:53 Stronghold
» items
| Boots of Speed | 1 | |
| Staff of Teleportation | 1 | |
| Healing Salve | 3 | |
| Lesser Clarity Potion | 1 | |
| Potion of Healing | 5 | |
| Orb of Lightning | 4 | |
| Tiny Great Hall | 1 | |
16 total
TIMG4STRok (
purple | 81 APM | 2729 actions | 33:44)
7 Blademaster
3 Wind Walk
2 Critical Strike
2 Mirror Image
» actions
| Assign group hotkey | 163 | |
| Basic commands | 3 | |
| Build / train | 81 | |
| Enter build submenu | 59 | |
| Enter hero's abilities submenu | 6 | |
| Give item / drop item | 6 | |
| Remove unit from queue | 2 | |
| Right click | 1282 | |
| Select / deselect | 367 | |
| Select group hotkey | 576 | |
| Use ability | 182 | |
2729 total
» units
| Peon | 22 | |
| Wind Rider | 12 | |
| Troll Batrider | 10 | |
| Goblin Zeppelin | 1 | |
45 total
» upgrades
| Spiked Barricades | 1 | |
| Reinforced Defenses | 1 | |
| Ranged Weapons | 3 | |
| Envenomed Spears | 1 | |
| Armor | 2 | |
8 total
» buildings
| Altar of Storms | 1 | |
| Orc Burrow | 7 | |
| War Mill | 2 | |
| Watch Tower | 42 | |
| Voodoo Lounge | 1 | |
| Stronghold | 2 | |
| Fortress | 2 | |
| Beastiary | 4 | |
| Great Hall | 1 | |
62 total
» build order
00:03 Altar of Storms
00:13 Orc Burrow
00:29 War Mill
01:43 Watch Tower
01:55 Watch Tower
02:00 Orc Burrow
02:48 Watch Tower
02:53 Watch Tower
03:05 Watch Tower
03:07 Watch Tower
03:15 Watch Tower
03:42 Voodoo Lounge
04:15 Watch Tower
04:17 Stronghold
04:17 Stronghold
04:21 Watch Tower
04:56 Watch Tower
05:18 Watch Tower
05:29 Watch Tower
05:36 Watch Tower
05:45 Orc Burrow
06:15 Watch Tower
06:26 Watch Tower
06:41 Watch Tower
07:08 Fortress
07:21 Watch Tower
07:22 Watch Tower
07:26 Watch Tower
07:29 Watch Tower
07:40 Beastiary
08:12 Beastiary
08:23 Orc Burrow
08:28 Watch Tower
08:32 Watch Tower
09:13 Watch Tower
09:14 Watch Tower
09:34 Watch Tower
10:31 Watch Tower
10:33 Watch Tower
10:35 Watch Tower
10:35 Watch Tower
11:03 Great Hall
11:59 Watch Tower
12:00 Watch Tower
12:00 Watch Tower
12:04 Watch Tower
13:55 Watch Tower
15:17 Watch Tower
15:18 Watch Tower
15:18 Watch Tower
15:20 Watch Tower
15:24 Watch Tower
15:24 Watch Tower
18:29 Orc Burrow
18:32 Beastiary
18:33 Beastiary
18:50 Orc Burrow
20:13 Orc Burrow
22:15 Watch Tower
22:17 Watch Tower
22:27 War Mill
» items
| Boots of Speed | 1 | |
| Staff of Teleportation | 1 | |
| Healing Salve | 2 | |
| Lesser Clarity Potion | 2 | |
| Tome of Retraining | 1 | |
7 total
Chat log
(00:05 / Allies) TemperateForest: feed
(00:07 / Allies) TemperateForest: it's yomping time
(00:18 / All) TheDarkVampire: dummesgschwätz
(00:22 / All) KoM-NoSTRaDaMaS: awa
(00:23 / All) nutsonyochin.de: huh
(00:24 / Allies) SBPT: who am i feeind
(00:28 / Allies) TemperateForest: my balls
(01:01 / All) nutsonyochin.de: how u all doig
(01:02 / All) nutsonyochin.de: doing
(01:15 / Allies) TemperateForest: yo lets get 3 blades with mirror
(01:16 / Allies) TemperateForest: then all jump
(01:19 / Allies) TemperateForest: at same time
(01:25 / Allies) TIMG4STRok: nutso bagutso
(01:26 / All) nutsonyochin.de: ich bin ur worst nightmare...
(01:34 / All) TheDarkVampire: lol lern englisch/deutsch
(01:41 / All) nutsonyochin.de: ur a douche
(01:50 / All) Smith64FX: maphack ftw ihr nigge
(02:07 / All) nutsonyochin.de: no u get banned
(02:15 / All) TheDarkVampire: lol
(02:22 / All) Smith64FX: No
(02:26 / All) Smith64FX: we have imba mh :D
(02:38 / All) nutsonyochin.de: i got baned once, i hacked a guy so hard his computer blew up and a piece got in his eye and blinded him
(02:52 / All) Smith64FX: lol
(03:05 / Allies) TemperateForest: techer, no tower
(03:05 / Allies) TemperateForest: go
(03:27 / Allies) TemperateForest: ownage!
(03:44 / Allies) TemperateForest: 4 hp gooo
(03:48 / Allies) TemperateForest: 4-eva
(04:08 / All) KoM-NoSTRaDaMaS: Fuck u
(04:15 / All) TemperateForest: suck my litttle balls ;-)
(05:24 / Allies) TemperateForest: sssss that nigrito
(06:09 / Allies) nutsonyochin.de: free boots for u
(07:30 / Allies) nutsonyochin.de: make towers so blade has to go by trees
(07:33 / Allies) nutsonyochin.de: im getting sentinel
(09:02 / Allies) TIMG4STRok: somebody else get bats, i'm gonna get a few wyv for creeping expos
(09:08 / Allies) TemperateForest: tay :D
(09:38 / Allies) TemperateForest: brt;;
(11:25 / Allies) nutsonyochin.de: yeah right gimme dat
(11:29 / Allies) TemperateForest: i need mana
(11:31 / Allies) TemperateForest: for mirror image
(12:11 / Allies) TemperateForest: this is it
(12:17 / Allies) nutsonyochin.de: forty ups please
(12:27 / Allies) TemperateForest: now building
(13:45 / Allies) TIMG4STRok: well i guess 3 towers weren't enough after all
(13:57 / Allies) TemperateForest: i wish i had used the gold you gave me better
(14:07 / Allies) TIMG4STRok: yeah i mean you're only sitting on 1500 now
(14:26 / Allies) TemperateForest: i'll use my time travel device
(17:37 / Allies) TIMG4STRok: mata you have bats for the frosty right
(17:42 / Allies) TemperateForest: no
(18:02 / Allies) TemperateForest: the units i have have been dying
(18:03 / Allies) TemperateForest: trying to fight
(18:10 / Allies) TemperateForest: and i'm perma out
(18:33 / Allies) nutsonyochin.de: get blade here
(18:33 / Allies) nutsonyochin.de: quick
(18:36 / Allies) TemperateForest: i'd need resources
(18:40 / Allies) TemperateForest: and we all know you'd never give me that
(19:58 / All) KoM-NoSTRaDaMaS: lost
(20:10 / Allies) TemperateForest: gonna try to take one of their islands atleast
(20:12 / Allies) TemperateForest: then tech to bats
(20:13 / All) KoM-NoSTRaDaMaS: chims v wurabura
(20:20 / Allies) TemperateForest: wura fucking bura
(20:35 / Allies) SBPT: who are you blinn
(20:40 / Allies) TIMG4STRok: me
(20:56 / Allies) TemperateForest: don't know if you can defend that..
(21:21 / All) KoM-NoSTRaDaMaS: Lost 0 whyrmes
(22:20 / Allies) TemperateForest: if we lose this
(22:23 / Allies) TemperateForest: hide some farms and i do some yomps
(22:25 / Allies) TemperateForest: to redeem this game
(22:49 / Allies) TemperateForest: timg you should get loads of aa
(24:15 / Allies) TemperateForest: dk
(24:23 / Allies) nutsonyochin.de: lum
(24:45 / Allies) TemperateForest: he
(24:48 / Allies) TemperateForest: yeah
(25:08 / Allies) TemperateForest: we kind of need that
(25:24 / Allies) TemperateForest: work it
(25:34 / Allies) nutsonyochin.de: dott for yomp
(25:41 / Allies) TemperateForest: tp in to that timg
(25:44 / All) Smith64FX: LOL
(25:46 / All) TheDarkVampire: Deny
(25:49 / Allies) TemperateForest: almost too late
(26:35 / Allies) TemperateForest: no
(26:36 / Allies) TemperateForest: dont
(26:36 / Allies) TemperateForest: lure
(26:46 / Allies) nutsonyochin.de: tp into that timg
(27:00 / Allies) TemperateForest: gg
(27:04 / Allies) TemperateForest: you just perma outed me
(27:05 / Allies) TemperateForest: why?
(27:16 / Allies) TemperateForest: seriously why did you do that?
(27:20 / Allies) nutsonyochin.de: they would have saw it noob
(27:25 / Allies) nutsonyochin.de: its not night time
(27:27 / Allies) TemperateForest: did you really think it seemed like such a great idae?
(27:28 / Allies) nutsonyochin.de: do you know how this game works
(27:43 / Allies) TIMG4STRok: we gotta do some yomps fast
(27:46 / Allies) TIMG4STRok: am i the only remaining blade
(27:50 / Allies) TemperateForest: you didn't even go to a tavernj
(27:51 / Allies) TemperateForest: so
(27:51 / Allies) TemperateForest: we can't
(27:52 / Allies) nutsonyochin.de: you kow if i never tped in they wouldnt have sent their armies
(27:58 / Allies) TIMG4STRok: i can retrain, i'm level
(27:59 / Allies) TIMG4STRok: 5
(28:02 / Allies) TIMG4STRok: and alive
(28:09 / Allies) TemperateForest: yse timg i know, that's why it's 100% your fault
(28:17 / Allies) TemperateForest: and you're trying to blame game mechanics like a noob
(28:25 / Allies) nutsonyochin.de: ????
(28:28 / Allies) nutsonyochin.de: you told me to tp
(28:30 / Allies) TIMG4STRok: where am i yomping
(28:31 / Allies) TIMG4STRok: ping
(28:42 / Allies) nutsonyochin.de: mata its cute how angry you get, and always try to pass the blame : - )
(28:47 / All) TheDarkVampire: nOobs
(31:54 / All) KoM-NoSTRaDaMaS: byde warden
(31:59 / All) TheDarkVampire: Adio
(32:04 / All) TheDarkVampire: AHH